 Dungeon Crawl Stone Soup version 0.31-a0-865-g3d5d91748a (webtiles) character file.

Game seed: 12156430981396578115

603 tilp the Sneak (level 7, -1/52 HPs)
             Began as a Vampire Enchanter on Oct 11, 2023.
             Killed from afar by a steam dragon (21 damage)
             ... with a ball of steam
             ... on level 4 of the Dungeon.
             The game lasted 00:04:50 (4024 turns).

tilp the Sneak (Vampire Enchanter)                  Turns: 4024, Time: 00:04:51

Health: -1/52      AC:  6    Str:  7    XL:     7   Next: 18%
Magic:  2/11       EV: 13    Int: 20    God:
Gold:   298        SH:  0    Dex: 14    Spells: 4/12 levels left

rFire   . . .        a - +2 dagger
rCold   . . .        (no shield)
rNeg    . . .        b - +1 robe
rPois   .            (no helmet)
rElec   .            (no cloak)
rCorr   .            (no gloves)
SInv    +            e - +2 pair of boots
Will    .....        (no amulet)
Stlth   +++          h - ring of flight
HPRegen 0.48/turn    (no ring)
MPRegen 0.12/turn

%: no passive effects
@: flying, healing quickly
A: alive, fangs 3, see invisible, vampiric 2
a: Exsanguinate


You were on level 4 of the Dungeon.
You visited 2 branches of the dungeon, and saw 5 of its levels.

You collected 298 gold pieces.

Inventory:

Hand Weapons
 a - a +2 dagger (weapon)
Missiles
 j - 30 stones (quivered)
 k - a boomerang
Armour
 b - a +1 robe (worn)
 e - a +2 pair of boots (worn)
Jewellery
 h - a ring of flight (left hand)
Wands
 d - a wand of roots (8)
 n - a wand of flame (1)
Scrolls
 m - a scroll of acquirement
 p - a scroll of immolation
Potions
 c - 2 potions of invisibility
 f - a potion of might
 g - 3 potions of haste
 i - 3 potions of curing
 l - a potion of enlightenment
 o - a potion of heal wounds {unknown}


   Skills:
 * Level 3.2 Fighting
 * Level 4.2 Short Blades
 + Level 3.7 Dodging
 + Level 6.2 Stealth
 + Level 3.0 Spellcasting
 + Level 5.8 Hexes


You had 4 spell levels left.
You knew the following spells:

 Your Spells              Type           Power      Damage    Failure   Level
a - Ensorcelled Hibernat  Hex/Ice        28%        N/A       6%          2
b - Confusing Touch       Hex            26%        N/A       3%          3
c - Tukima's Dance        Hex            26%        N/A       3%          3

Your spell library contained the following spells:

 Spells                   Type           Power      Damage    Failure   Level
 Dazzling Flash           Conj/Hex       28%        N/A       13%         3


Dungeon Overview and Level Annotations

Branches:
Dungeon (4/15)             Temple (1/1) D:4

Altars:
Ashenzari
Cheibriados
Fedhas
Gozag
Kikubaaqudgha
Makhleb
Nemelex Xobeh
Qazlal
Ru
Trog
Uskayaw
Vehumet
Xom
Yredelemnul


Innate Abilities, Weirdness & Mutations

Your natural rate of healing is accelerated.
You have razor-sharp teeth.
You have supernaturally acute eyesight. (SInv)
You are afflicted with vampirism and can become a bat while bloodless.


Message History

The roots erupt in riotous growth!
Roots grab the steam dragon.
The grasping roots constrict the steam dragon.
The steam dragon struggles to escape constriction.
The grasping roots constrict the steam dragon.
The steam dragon bites you but does no damage.
The steam dragon completely misses you.
You hit the steam dragon but do no damage.
The steam dragon is lightly wounded.
The grasping roots constrict the steam dragon.
The steam dragon breathes steam at you. The ball of steam misses you.
You hit the steam dragon but do no damage.
The steam dragon is moderately wounded.
You are engulfed in a cloud of scalding steam.
The grasping roots constrict the steam dragon.
The roots release their grip on the steam dragon.
The steam dragon bites you.
The steam dragon claws you but does no damage.
The steam dragon bites you. The steam dragon claws you.
Unknown command.
Aiming: Fastroot
Press: ? - help, Shift-Dir - straight line, f/p - steam dragon
Aim: a steam dragon (moderately wounded, catching its breath)
The roots erupt in riotous growth!
Roots grab the steam dragon.
The grasping roots constrict the steam dragon.
The steam dragon misses you. The steam dragon closely misses you.
You hit the steam dragon but do no damage.
The steam dragon is heavily wounded.
The grasping roots constrict the steam dragon.
The roots release their grip on the steam dragon.
The steam dragon bites you!
* * * LOW HITPOINT WARNING * * *
The steam dragon claws you but does no damage.
You hit the steam dragon.
The steam dragon is heavily wounded.
The steam dragon breathes steam at you. The ball of steam hits you!!
You die...

'........##
+$...#..'........
###.......#####
#.$##.##........ #
#.#.#.##....#
##)#..###.......
#.##..##.).##
#....## ##.....#
#.##.####..# #)####
##...##
#.##.####..## ##.#
##+##
#...........###..###
#.#
####.#####....D....#
#.# #.# #ยง###@###.#
##.## # #.# #.#
#.###.### ##...## ##
#.# #.###.......#
#.....# .## #.#
#.........#.#
##...#. #.####.#
###########.# ##.#.#
##.....#
#.######..##
#.###### #........##
.## ########..## ##
#########.#.#


You could see a steam dragon (catching breath).

Vanquished Creatures
  A water moccasin (D:4)
  2 scorpions
  A crimson imp (D:4)
  2 hounds (D:4)
  An orc priest (D:4)
  A sleepcap (D:4)
  Terence (D:3)
  3 gnolls (D:4)
  9 adders
  A worm (D:3)
  5 orcs
  5 bats
  18 endoplasms
  5 giant cockroaches
  6 hobgoblins
  5 quokkas
  9 ball pythons
  2 frilled lizards
  5 goblins
  2 kobolds
  6 rats
90 creatures vanquished.

Notes
Turn   | Place    | Note
-------+----------+-------------------------------------------
     0 | D:1      | tilp the Vampire Enchanter began the quest for the Orb.
     0 | D:1      | Reached XP level 1. HP: 13/13 MP: 3/3
   309 | D:1      | Reached XP level 2. HP: 20/20 MP: 5/5
   548 | D:1      | Reached skill level 1 in Fighting
   936 | D:2      | Gained mutation: You are afflicted with vampirism and can
                  | become a bat while bloodless. [Vampire growth]
   936 | D:2      | Reached XP level 3. HP: 26/26 MP: 6/6
   941 | D:2      | Learned a level 2 spell: Ensorcelled Hibernation
   945 | D:2      | Learned a level 3 spell: Confusing Touch
  1629 | D:2      | Found a faded altar of an unknown god.
  1665 | D:2      | Reached XP level 4. HP: 32/32 MP: 7/7
  1850 | D:3      | Noticed Terence
  2328 | D:3      | Reached skill level 5 in Stealth
  2481 | D:3      | Noticed a scorpion
  2486 | D:3      | Reached skill level 5 in Hexes
  2488 | D:3      | Killed a scorpion
  2489 | D:3      | Reached XP level 5. HP: 37/38 MP: 1/8
  2503 | D:3      | Learned a level 3 spell: Tukima's Dance
  2814 | D:3      | Killed Terence
  3388 | D:4      | Found a burning altar of Makhleb.
  3389 | D:4      | Found a radiant altar of Vehumet.
  3473 | D:4      | Reached XP level 6. HP: 46/46 MP: 6/10
  3523 | D:4      | Identified a scroll of acquirement
  3601 | D:4      | Noticed a water moccasin
  3606 | D:4      | Killed a water moccasin
  3705 | D:4      | Found a staircase to the Ecumenical Temple.
  3719 | Temple   | Entered the Ecumenical Temple
  3881 | D:4      | Found a snail-covered altar of Cheibriados.
  3883 | D:4      | Found a hide-covered altar of Uskayaw.
  3883 | D:4      | Found a shimmering altar of Xom.
  3885 | D:4      | Found a stormy altar of Qazlal.
  3885 | D:4      | Found a shimmering altar of Xom.
  3885 | D:4      | Found a broken altar of Ashenzari.
  3994 | D:4      | Noticed a steam dragon
  3997 | D:4      | Reached skill level 6 in Stealth
  4005 | D:4      | Reached XP level 7. HP: 41/52 MP: 4/11
  4024 | D:4      | Killed from afar by a steam dragon

Illustrated notes

Levels and vault maps discovered:
D:1:      dpeg_arrival_chambers_temple_mockup, layout_loops_ring
D:2:      layout_loops_cross, ebering_ecumenical_altar_hall,
          nicolae_elevator_lobby_plus
D:3:      minmay_recursive_quarters, layout_basic, dreamdust_princess_bridge,
          minmay_misc_feat_hallway, minmay_misc_feat_columns,
          chequers_serial_rivers_micro_d, uniq_terence
D:4:      layout_loops_corners, grunt_temple_overflow_lords_of_destruction,
          doesnt_xom_only_xom, minmay_temple_entry_large_hall,
          minmay_joined_circles
Temple:   nicolae_temple_ecumenical_triangle

Skill      XL: |  1  2  3  4  5  6 |
---------------+-------------------+-----
Fighting       | 1 2 3 |  3.2
Short Blades   | 2 3 4 |  4.2
Stealth        | 5 6 |  6.2
Hexes          | 5 |  5.8
Dodging        | 3 |  3.7
Spellcasting   | 3 |  3.0

Action                     |  1- 3 |  4- 6 |  7- 9 || total
---------------------------+-------+-------+-------++-------
  Melee: Dagger            |    86 |   150 |     6 ||   242
         Bite              |     6 |    16 |       ||    22
   Cast: Ensorcelled Hiber |     4 |    26 |     2 ||    32
         Confusing Touch   |       |     1 |       ||     1
  Evoke: Wand              |       |       |     3 ||     3
    Use: Scroll            |     4 |     8 |       ||    12
   Stab: Sleeping          |    15 |    24 |     2 ||    41
         Distracted        |     1 |     1 |       ||     2
         Confused          |       |     1 |       ||     1
 Armour: Robe              |    28 |    43 |    11 ||    82
  Dodge: Dodged            |    31 |    68 |     6 ||   105

Table legend: (Time is in decaauts)
 A = Elapsed time spent in this place.
 B = Non-inter-level travel time spent in this place.
 C = Inter-level travel time spent in this place.
 D = Time resting spent in this place.
 E = Time spent auto-exploring this place.
 F = Levels seen in this place.
 G = Mean time per level.
                   A        B        C        D        E       F      G
               +--------+--------+--------+--------+--------+-----+--------+
         Total |   3992 |   3817 |    175 |    402 |   2778 |   5 |  798.4 |
       Dungeon |   3980 |   3806 |    174 |    402 |   2768 |   4 |  995.0 |
        Temple |     11 |     10 |      1 |      0 |     10 |   1 |   11.0 |
               +--------+--------+--------+--------+--------+-----+--------+

Top non-repeatable levels by time:
     D:3: 1115 daAuts
     D:2: 1046 daAuts
     D:4: 1035 daAuts
     D:1: 783 daAuts
  Temple: 11 daAuts
